 Dungeon Crawl Stone Soup version 0.20-a0-739-g6bb112f (webtiles) character file.

125 retryentry the Chopper (level 5, -3/45 HPs)
             Began as a Hill Orc Fighter on Feb 24, 2017.
             Slain by Sigmund
             ... wielding a +3 scythe of freezing
              (19 damage)
             ... on level 3 of the Dungeon.
             The game lasted 00:01:59 (1891 turns).

retryentry the Chopper (Hill Orc Fighter)           Turns: 1891, Time: 00:02:00

Health: -3/45      AC:  8    Str: 20    XL:     5   Next: 9%
Magic:  5/5        EV:  7    Int:  8    God:
Gold:   75         SH:  9    Dex: 10    Spells: 4/4 levels left

rFire    . . .     SeeInvis .   a - +0 war axe
rCold    . . .     Gourm    .   b - +0 scale mail
rNeg     . . .     Faith    .   c - +0 shield
rPois    .         Spirit   .   (no helmet)
rElec    .         Reflect  .   (no cloak)
rCorr    .         Harm     .   (no gloves)
MR       .....                  q - +0 pair of boots
Stlth    ..........             (no amulet)
Regen    0.2/turn               (no ring)
MPRegen  0.1/turn               (no ring)

@: no status effects
A: no striking features
a: no special abilities


You were on level 3 of the Dungeon.
You were not hungry.

You visited 1 branch of the dungeon, and saw 3 of its levels.

You collected 75 gold pieces.

Inventory:

Hand Weapons
 a - a +0 war axe (weapon)
Missiles
 o - 4 javelins of returning (quivered)
Armour
 b - a +0 scale mail (worn)
 c - a +0 shield (worn)
 q - a +0 pair of boots (worn)
Jewellery
 r - an uncursed ring of protection from fire {unknown}
Scrolls
 i - 3 scrolls of remove curse
 n - a scroll of identify {unknown}
Potions
 d - a potion of might
 e - 3 potions of haste {unknown}
 h - 2 potions of curing {unknown}
 j - a potion of agility {unknown}
 k - a potion of ambrosia {unknown}
 l - 2 potions of mutation {unknown}
 s - a potion of degeneration {unknown}
Comestibles
 f - 4 bread rations
 g - 2 royal jellies
 m - 8 fruits
 p - a chunk of flesh


   Skills:
 - Level 3.6 Fighting
 + Level 6.8 Axes
 - Level 3.2 Armour
 - Level 3.2 Shields


You had 4 spell levels left.
You didn't know any spells.

Dungeon Overview and Level Annotations

Branches:
Dungeon (3/15)

Altars:

Annotations:
D:3 Sigmund


Message History

You hit Sigmund.
Sigmund is lightly wounded.
Sigmund hits you with a scythe of freezing!
Sigmund freezes you.
You slash Sigmund!
Sigmund is moderately wounded.
You slash Sigmund!
Sigmund is severely wounded.
Sigmund points at you and mumbles some strange words.
The magic dart hits you! Sigmund hits you but does no damage.
You closely miss Sigmund.
Sigmund is severely wounded.
You completely miss Sigmund.
Sigmund is severely wounded.
Sigmund hits you with a scythe of freezing.
Sigmund freezes you.
You closely miss Sigmund.
Sigmund is severely wounded.
Sigmund hits you with a scythe of freezing!!
You die...

###.[.........#......#####..
#...........#.......).....
#...........#............(
#...........#.............
#...........#............#
#.....#######......#######
#....)##### #......#
#....†...@###......#
#....####@##...#####
#....####)##...#
######....##...# ..
#.#####...# .# #.##......# .
#.##.##......#
#....##....### #######.<..#
######


You could see Sigmund.

Vanquished Creatures
  6 adders (D:2)
  3 oozes
  A worm (D:2)
  2 dart slugs
  A leopard gecko (D:3)
  4 bats
  2 giant cockroaches (D:1)
  5 goblins
  8 hobgoblins
  3 jackals (D:2)
  11 kobolds
  3 frilled lizards
  2 rats
51 creatures vanquished.

Notes
Turn   | Place    | Note
-------+----------+-------------------------------------------
     0 | D:1      | retryentry the Hill Orc Fighter began the quest for the Orb.
     0 | D:1      | Reached XP level 1. HP: 19/19 MP: 1/1
     1 | D:1      | Noticed an electric eel
    77 | D:1      | Reached skill level 3 in Axes
   206 | D:1      | Reached XP level 2. HP: 26/26 MP: 2/2
   291 | D:1      | Reached skill level 4 in Axes
   557 | D:2      | Reached XP level 3. HP: 29/31 MP: 3/3
   621 | D:2      | Reached skill level 5 in Axes
   722 | D:2      | Reached XP level 4. HP: 25/39 MP: 4/4
   989 | D:2      | Reached skill level 6 in Axes
  1703 | D:3      | Reached XP level 5. HP: 40/45 MP: 5/5
  1859 | D:3      | Noticed Sigmund
  1891 | D:3      | Slain by Sigmund

Vault maps used:
D:1:      arrival_aquarium_a
D:2:      minmay_kobold_bridge, minmay_surrounded
D:3:      corexii_shack_village, uniq_sigmund, uniq_terence, uniq_jessica,
          uniq_iyjb

Skill      XL: |  1  2  3  4 |
---------------+-------------+-----
Axes           | 3 4 5 6 |  6.8
Fighting       | |  3.6
Armour         | |  3.2
Shields        | |  3.2

Action                   |  1- 3 |  4- 6 || total
-------------------------+-------+-------++-------
Melee: War axe           |    93 |    76 ||   169
  Use: Scroll            |       |     1 ||     1
  Eat: Chunk             |       |     3 ||     3
Armor: Scale mail        |    66 |    28 ||    94
Dodge: Dodged            |    43 |    16 ||    59
Block: Shield            |    59 |    40 ||    99
